Map: Rifts to Korhal

Players

Hunter

  • Race: Protoss Protoss
  • League: Diamond
  • Spawn Location: 7:00

Jin

  • Race: Protoss Protoss
  • Spawn Location: 7:00

VOD

https://youtu.be/-td168RJxPE

Description

This is my favorite way to play Vorazun Dt's and Corsairs are great unit that can deal with anything. Black Hole is great for air units and buying time if you need it. Time Stops should be used asap so try to be in position before it goes off cool down. Try your best to use multiple control groups to maximize dps and minimize damage to your units.

Time

  • Played on: June 6, 2018, 1:12 a.m.
  • Length: 19:39
Show
View Real Time Build Order
Export as new Build Order

Hunter Protoss 

Build Orders:  

Get SALT Encoding   

  12  0:03  Probe (Chrono Boost)  
  13  0:10  Dark Pylon  
  13  0:17  Probe (Chrono Boost)  
  14  0:22  Assimilator  
  14  0:30  Probe (Chrono Boost)  
  14  0:37  Assimilator  
  15  0:44  Probe (Chrono Boost)  
  16  0:59  Gateway  
  16  1:03  Probe (Chrono Boost)  
  17  1:17  Probe (Chrono Boost)  
  18  1:31  Probe (Chrono Boost)  
  18  1:34  Pylon  
  19  1:45  Probe (Chrono Boost)  
  20  1:59  Probe (Chrono Boost)  
  21  2:05  Cybernetics Core  
  21  2:13  Probe (Chrono Boost)  
  22  2:26  Probe (Chrono Boost)  
  23  2:40  Probe (Chrono Boost)  
  24  2:53  Pylon  
  24  2:56  Twilight Council  
  19  3:00  Warp Gate  
  24  3:17  Probe (Chrono Boost)  
  25  3:23  Assimilator  
  25  3:34  Nexus  
  25  3:37  Assimilator  
  25  3:47  Dark Shrine  
  25  3:50  Gateway  
  25  3:51  Probe (Chrono Boost)  
  26  4:05  Probe (Chrono Boost)  
  27  4:16  Shadow Fury  
  27  4:19  Probe (Chrono Boost)  
  27  4:26  Gateway  
  28  4:34  Probe (Chrono Boost)  
  29  4:47  Dark Templar  
  32  4:51  Probe (Chrono Boost)  
  32  5:08  Probe (Chrono Boost)  
  33  5:14  Stargate  
  33  5:19  Stargate  
  33  5:25  Probe (Chrono Boost)  
  33  5:28  Dark Templar  
  36  5:38  Probe (Chrono Boost)  
  37  5:42  Probe (Chrono Boost)  
  38  5:52  Probe (Chrono Boost), Dark Templar  
  42  6:01  Probe (Chrono Boost)  
  42  6:19  Protoss Air Weapons Level 1  
  42  6:22  Fleet Beacon  
  42  6:31  Corsair x2  
  42  6:38  Dark Templar  
  42  6:39  Dark Templar  
  50  6:48  Pylon  
  50  7:05  Pylon  
  50  7:07  Corsair  
  50  7:08  Corsair  
  54  7:26  Stealth Drive  
  54  7:31  Dark Templar Blink  
  54  7:33  Dark Templar  
  56  7:42  Corsair  
  56  7:43  Corsair  
  60  8:15  Dark Templar x2  
  64  8:36  Protoss Air Weapons Level 2  
  64  8:51  Corsair  
  64  8:52  Corsair  
  64  8:56  Disruption Web  
  68  9:04  Dark Templar  
  70  9:24  Pylon  
  70  9:25  Pylon  
  70  9:27  Pylon x2  
  70  9:31  Pylon  
  70  9:35  Forge  
  70  9:49  Corsair x2  
  75  9:52  Probe (Chrono Boost)  
  75  9:58  Dark Templar x3  
  81  10:35  Pylon  
  81  10:36  Pylon  
  81  10:39  Pylon  
  81  10:40  Pylon  
  81  10:47  Dark Pylon  
  81  10:55  Pylon  
  81  10:59  Pylon  
  81  11:00  Dark Templar  
  81  11:02  Photon Cannon  
  81  11:04  Photon Cannon  
  81  11:05  Protoss Air Weapons Level 3  
  81  11:06  Photon Cannon  
  81  11:07  Photon Cannon  
  83  11:11  Photon Cannon  
  83  11:12  Photon Cannon  
  83  11:13  Photon Cannon  
  83  11:27  Dark Templar x2  
  87  11:30  Corsair  
  89  11:41  Corsair  
  89  11:45  Oracle  
  94  12:22  Corsair  
  94  12:24  Dark Templar x3  
  102  12:37  Oracle  
  105  13:35  Corsair x2  
  105  13:37  Dark Templar x3  
  115  13:40  Photon Cannon  
  115  13:44  Photon Cannon  
  115  13:45  Photon Cannon  
  115  13:47  Photon Cannon  
  115  13:49  Photon Cannon  
  115  13:50  Photon Cannon  
  115  14:10  Corsair x2  
  119  14:38  Dark Templar x3  
  125  14:57  Corsair x2  
  129  15:45  Corsair x2  
  133  16:07  Dark Templar x2  
  133  16:08  Dark Templar  
  139  16:17  Photon Cannon  
  139  16:18  Photon Cannon  
  139  16:21  Photon Cannon  
  139  16:23  Photon Cannon  
  139  16:24  Corsair  
  139  16:25  Corsair  
  139  16:27  Photon Cannon  
  139  16:28  Photon Cannon  
  139  16:29  Photon Cannon  
  143  16:53  Dark Templar x3  
  147  17:55  Dark Templar x3  
  150  18:11  Corsair x2  
  150  18:52  Dark Templar x2  
  150  18:53  Dark Templar  
Show
View Real Time Build Order
Export as new Build Order

Jin Protoss 

Build Orders:  

Get SALT Encoding   

  12  0:02  Probe (Chrono Boost)  
  13  0:16  Probe (Chrono Boost)  
  14  0:27  Pylon  
  14  0:31  Probe (Chrono Boost)  
  15  0:51  Probe (Chrono Boost)  
  16  1:05  Probe (Chrono Boost)  
  17  1:19  Probe (Chrono Boost)  
  17  1:21  Pylon  
  18  1:33  Probe (Chrono Boost)  
  19  1:47  Probe (Chrono Boost)  
  20  1:57  Nexus  
  20  2:01  Probe (Chrono Boost)  
  20  2:09  Gateway  
  21  2:16  Probe (Chrono Boost)  
  22  2:30  Probe (Chrono Boost)  
  23  2:44  Probe (Chrono Boost)  
  24  2:50  Pylon  
  24  3:00  Probe (Chrono Boost)  
  25  3:19  Assimilator  
  25  3:23  Assimilator  
  25  3:24  Probe (Chrono Boost)  
  25  3:25  Assimilator  
  25  3:29  Assimilator  
  26  3:30  Cybernetics Core  
  26  3:38  Probe (Chrono Boost)  
  27  3:41  Probe (Chrono Boost)  
  28  3:51  Probe (Chrono Boost)  
  28  3:55  Probe (Chrono Boost)  
  30  4:05  Probe (Chrono Boost)  
  30  4:09  Probe (Chrono Boost)  
  32  4:19  Probe (Chrono Boost)  
  32  4:23  Probe (Chrono Boost)  
  34  4:33  Probe (Chrono Boost)  
  34  4:36  Probe (Chrono Boost)  
  36  4:47  Probe (Chrono Boost)  
  37  4:50  Probe (Chrono Boost), Death Council  
  37  4:51  Forge  
  37  4:59  Forge  
  38  5:01  Probe (Chrono Boost)  
  38  5:04  Probe (Chrono Boost)  
  38  5:06  Pylon  
  40  5:15  Probe (Chrono Boost)  
  40  5:18  Probe (Chrono Boost)  
  42  5:24  Warp Gate  
  42  5:29  Probe (Chrono Boost)  
  43  5:32  Probe (Chrono Boost)  
  44  5:42  Probe (Chrono Boost)  
  44  5:46  Probe (Chrono Boost)  
  46  5:56  Protoss Shields Level 1, Probe (Chrono Boost)  
  47  6:00  Probe (Chrono Boost)  
  47  6:08  Imposing Presence  
  48  6:13  Probe (Chrono Boost)  
  49  6:24  Ascendant Archives  
  49  6:27  Pylon  
  49  6:31  Gateway  
  49  6:33  Soul Augmentation  
  49  6:35  Gateway  
  49  6:53  Pylon x2  
  49  6:56  Pylon  
  49  6:57  Pylon  
  49  7:07  Gateway  
  49  7:08  Gateway  
  49  7:16  Gateway  
  49  7:20  Gateway  
  49  7:22  Gateway  
  49  7:29  Power Overwhelming  
  49  7:52  Gateway  
  49  7:53  Gateway  
  49  8:03  Gateway, Blood Shields  
  49  8:29  Chaotic Attunement  
  49  9:03  Phasing Armor  
  49  9:23  Protoss Shields Level 2  
  49  9:28  Protoss Ground Weapons Level 1  
  49  9:29  Mind Blast  
  49  9:33  Supplicant x8  
  49  9:34  Supplicant x2  
  49  9:35  Supplicant x2  
  49  9:36  Supplicant x4  
  49  9:37  Supplicant x2, Pylon  
  49  9:39  Supplicant x4  
  93  10:04  Cloaking Module  
  93  10:11  Ascendant  
  93  10:12  Ascendant x2  
  93  10:14  Ascendant  
  93  10:17  Havoc  
  94  10:35  Ascendant  
  96  10:55  Ascendant  
  98  11:02  Supplicant x2  
  98  11:03  Supplicant x6  
  98  11:04  Bloodshard Resonance  
  110  11:17  Pylon x2  
  110  11:20  Pylon  
  110  11:22  Pylon  
  110  11:24  Pylon  
  110  11:26  Mothership  
  110  11:32  Probe (Chrono Boost)  
  110  11:33  Ascendant x2  
  103  11:53  Ascendant  
  101  12:34  Detect Weakness  
  87  12:43  Ascendant x2  
  91  12:52  Ascendant  
  91  12:53  Supplicant x8  
  91  12:54  Supplicant x6  
  91  12:55  Supplicant x2  
  123  13:16  Havoc  
  123  13:17  Havoc  
  103  14:47  Supplicant x4  
  103  14:48  Supplicant x2  
  103  14:49  Supplicant x6  
  115  14:51  Supplicant x2, Ascendant  
  115  14:53  Havoc x2  
  115  14:54  Havoc  
  110  15:11  Supplicant x2  
  110  15:12  Supplicant x8  
  110  15:13  Supplicant x2  
  118  16:08  Supplicant x4  
  118  16:09  Supplicant x6  
  128  16:10  Supplicant x8  
  128  16:11  Supplicant x2  
  148  16:28  Mothership  
  148  16:33  Pylon  
  148  16:35  Pylon  
  148  16:37  Pylon  
  148  16:39  Pylon  
  136  16:59  Supplicant x4  
  144  17:00  Supplicant x6  
  144  17:01  Supplicant x4  
  144  17:02  Supplicant x2  
  144  17:04  Supplicant x2  
  164  17:34  Supplicant x4  
  164  17:35  Supplicant x2  
  164  17:36  Supplicant x2  
Tags
 
Add a new tag
Caveats
  • Supply blocks, unpowered buildings, or Contaminate may cause inaccurate times.
  • Supply counts are checked every 10 seconds.